nkasdlbnds, neutral female scurrid Tourist ----.----- |...Y....| |..@<.$..| |.f......| |........| -.-------- nkasdlbnds the Rambler Experience level: 1 Strength: 15 Dexterity: 9 Constitution: 14 Intelligence: 13 Wisdom: 6 Charisma: 18 Health: 0(11) Energy: 2(2) Def: 0 Gold: 775 Moves: 106 Dungeon seed: PSIGXoaVFMxzvnK2 Game ID: nkasdlbnds_1528521506 Your Inventory: Coins $ - 775 gold pieces Weapons a - 44 uncursed +2 darts (in quiver) Armor e - an uncursed +0 Hawaiian shirt (being worn) Comestibles b - 8 uncursed tripe rations c - 2 uncursed cream pies d - an uncursed chestnut f - 2 uncursed food rations g - 2 uncursed tins of newt meat Scrolls i - 3 uncursed scrolls of magic mapping j - a blessed scroll of magic mapping Potions h - an uncursed potion of extra healing Wands m - an uncursed wand of secret door detection (0:11) Tools k - an uncursed expensive camera (0:35) l - an uncursed credit card n - an uncursed oil lamp (0:1094) Spells and supernatural/magical abilities: Name Level Category Fail Memory W - pray for help -- divine ? -- Your skills at the end: Miscellaneous Skills wands [Basic] Weapon Skills dart [Basic] Spellcasting Skills Final Attributes: You were devoutly aligned. Your writing paw was ok. You had infravision. You were very stealthy. You are dead. Vanquished creatures: 2 jackals Voluntary challenges: You went without food. You did not adorn yourself with jewelry or accessories. You did not cause conflict. You were not invisible. You did not have reflection. You were not displaced. You were an atheist. You never hit with a wielded weapon. You were a pacifist. You did not use tools. You did not use plumbed fixtures. You read items or engraved 1 time, starting on turn 104. You never genocided any monsters. You never polymorphed an object. You never changed form. You used no wishes. You never split a pudding. You wrote Elbereth's name 1 time, starting on turn 104. You never violated your personal moral code. Dungeon overview: The Dungeons of Doom: levels 1 to 14 Level 1 a long staircase Level 2 a sink Level 3 Level 4 a fountain Level 5 Level 6 Level 7 Level 8 Level 9 Level 10 a long staircase Level 11 Level 12 Level 13 Level 14 <- You were here History has recorded: On T:1 you entered the Dungeons of Doom to retrieve the Amulet of Yendor! On T:26 you reached level 2 of The Dungeons of Doom. On T:32 you reached level 3 of The Dungeons of Doom. On T:38 you reached level 4 of The Dungeons of Doom. On T:44 you reached level 5 of The Dungeons of Doom. On T:50 you reached level 6 of The Dungeons of Doom. On T:56 you reached level 7 of The Dungeons of Doom. On T:63 you reached level 8 of The Dungeons of Doom. On T:69 you reached level 9 of The Dungeons of Doom. On T:75 you reached level 10 of The Dungeons of Doom. On T:83 you reached level 11 of The Dungeons of Doom. On T:90 you reached level 12 of The Dungeons of Doom. On T:97 you reached level 13 of The Dungeons of Doom. On T:103 you reached level 14 of The Dungeons of Doom. Score breakdown: Gold: 0 ( 0 points) Experience: 1 level ( 0 points) Exploration: 14 levels ( 390 points) Discoveries: 1 item ( 50 points) Variety of kills: 1 monster ( 50 points) Major goal: (nothing yet) ( 0 points) Survival: died (score multiplied by 3) Total score: 1470 Latest messages: You start digging downward. You continue digging downward. You dig a pit in the floor. You continue digging downward. (6x) You dig a hole through the floor. You fall through... You enter a leprechaun hall! You start digging downward. You continue digging downward. You dig a pit in the floor. You continue digging downward. (6x) You dig a hole through the floor. You fall through... You start digging downward. You write in the dust with your fingers. The jaguar turns to flee! You continue digging downward. You dig a pit in the floor. You continue digging downward. (2x) The yeti claws you! (2x) The yeti bites! You die... Final status: Aloha nkasdlbnds the Tourist, killed by a yeti... You died in The Dungeons of Doom on dungeon level 14 with 1470 points, and 775 pieces of gold, after 106 moves. You were level 1 with a maximum of 11 hit points when you died.